General information
- name: BNet
- type: Ladder team game (AT/RT)
- host: Battle.net
- saver: ROD-SAMA-D
map: Battleground
- players: 8
- length: 38:21
- speed: Fast
- version: 1.26 W3XP
- replay type: Public
» download(266 KB)
Players
team 1 (winner)

»
ShartCaptain (
green | 92 APM | 1991 actions | 21:31)
5 Pandaren Brewmaster
3 Breath of Fire
2 Drunken Haze
» actions
| Assign group hotkey | 110 | |
| Basic commands | 69 | |
| Build / train | 73 | |
| Enter build submenu | 18 | |
| Enter hero's abilities submenu | 5 | |
| Give item / drop item | 2 | |
| Remove unit from queue | 1 | |
| Right click | 704 | |
| Select / deselect | 291 | |
| Select group hotkey | 642 | |
| Use ability | 76 | |
1991 total
» units
| Wisp | 19 | |
| Huntress | 7 | |
| Dryad | 7 | |
| Archer | 6 | |
| Crypt Fiend | 1 | |
40 total
» upgrades
| Ultravision | 1 | |
| Abolish Magic | 1 | |
| Strength of the Wild | 1 | |
| Reinforced Hides | 1 | |
| Improved Bows | 1 | |
| Marksmanship | 1 | |
6 total
» buildings
| Moon Well | 5 | |
| Altar of Elders | 1 | |
| Ancient of War | 2 | |
| Hunter's Hall | 1 | |
| Tree of Ages | 2 | |
| Ancient of Wonders | 2 | |
| Ancient Protector | 3 | |
| Ancient of Lore | 2 | |
| Tree of Eternity | 2 | |
| Tree of Life | 1 | |
21 total
» build order
00:29 Moon Well
01:12 Altar of Elders
01:45 Ancient of War
01:47 Hunter's Hall
02:11 Ancient of War
02:30 Moon Well
03:37 Moon Well
05:24 Tree of Ages
05:24 Tree of Ages
05:37 Ancient of Wonders
06:10 Ancient Protector
08:47 Ancient of Lore
08:50 Ancient of Lore
08:53 Moon Well
09:20 Ancient of Wonders
09:55 Moon Well
13:06 Tree of Eternity
16:33 Ancient Protector
16:38 Ancient Protector
18:44 Tree of Life
» items
| Boots of Speed | 2 | |
| Healing Salve | 1 | |
| Lesser Clarity Potion | 2 | |
| Scroll of Town Portal | 4 | |
| Scroll of Healing | 1 | |
10 total

»
pinkpage (
blue | 66 APM | 1869 actions | 28:21)
4 Tauren Chieftain
2 Shockwave
2 Endurance Aura
1 Shadow Hunter
1 Hex
» actions
| Assign group hotkey | 67 | |
| Basic commands | 27 | |
| Build / train | 58 | |
| ESC pressed | 3 | |
| Enter build submenu | 23 | |
| Enter hero's abilities submenu | 5 | |
| Give item / drop item | 9 | |
| Right click | 946 | |
| Select / deselect | 365 | |
| Select group hotkey | 273 | |
| Use ability | 93 | |
1869 total
» units
| Peon | 15 | |
| Grunt | 9 | |
| Forest Troll Shadow Priest | 2 | |
| Troll Witch Doctor | 3 | |
| Troll Batrider | 2 | |
31 total
» upgrades
| Witch Doctor Training | 2 | |
| Reinforced Defenses | 1 | |
| Ranged Weapons | 1 | |
4 total
» buildings
| Altar of Storms | 1 | |
| Orc Burrow | 5 | |
| Barracks | 1 | |
| Stronghold | 1 | |
| Voodoo Lounge | 1 | |
| War Mill | 1 | |
| Spirit Lodge | 1 | |
| Fortress | 1 | |
| Beastiary | 2 | |
| Great Hall | 2 | |
| Watch Tower | 3 | |
19 total
» build order
00:09 Altar of Storms
00:23 Orc Burrow
00:35 Barracks
01:29 Orc Burrow
02:42 Stronghold
03:53 Voodoo Lounge
04:57 War Mill
05:42 Orc Burrow
05:44 Spirit Lodge
06:07 Orc Burrow
08:02 Fortress
11:38 Beastiary
11:43 Orc Burrow
13:14 Beastiary
16:52 Great Hall
17:03 Watch Tower
17:07 Watch Tower
17:40 Watch Tower
19:14 Great Hall
» items
| Healing Salve | 6 | |
| Lesser Clarity Potion | 3 | |
| Scroll of Speed | 1 | |
| Potion of Healing | 1 | |
| Orb of Lightning | 1 | |
| Scroll of Town Portal | 1 | |
13 total
ttlsignal (
yellow | 85 APM | 1707 actions | 20:05)
5 Lich
3 Frost Nova
2 Dark Ritual
4 Death Knight
2 Death Coil
1 Death Pact
1 Unholy Aura
» actions
| Assign group hotkey | 32 | |
| Basic commands | 168 | |
| Build / train | 65 | |
| Enter build submenu | 18 | |
| Enter hero's abilities submenu | 11 | |
| Give item / drop item | 3 | |
| Remove unit from queue | 1 | |
| Right click | 525 | |
| Select / deselect | 386 | |
| Select group hotkey | 401 | |
| Use ability | 97 | |
1707 total
» units
| Acolyte | 13 | |
| Ghoul | 5 | |
| Crypt Fiend | 19 | |
| Obsidian Statue | 1 | |
38 total
» upgrades
| Creature Attack | 2 | |
| Creature Carapace | 1 | |
| Web | 1 | |
4 total
» buildings
| Crypt | 2 | |
| Altar of Darkness | 1 | |
| Ziggurat | 5 | |
| Graveyard | 1 | |
| Tomb of Relics | 1 | |
| Nerubian Tower | 1 | |
| Halls of the Dead | 1 | |
| Spirit Tower | 4 | |
| Slaughterhouse | 1 | |
| Sacrificial Pit | 1 | |
18 total
» build order
00:07 Crypt
00:10 Altar of Darkness
00:35 Ziggurat
00:56 Graveyard
01:25 Tomb of Relics
01:56 Ziggurat
02:07 Nerubian Tower
03:51 Halls of the Dead
04:31 Ziggurat
05:27 Crypt
08:20 Spirit Tower
08:32 Ziggurat
08:34 Slaughterhouse
08:39 Ziggurat
11:09 Spirit Tower
12:47 Sacrificial Pit
16:45 Spirit Tower
17:21 Spirit Tower
» items
ROD-SAMA-D (
red | 64 APM | 2460 actions | 38:21)
6 Blademaster
3 Wind Walk
2 Critical Strike
1 Bladestorm
1 Shadow Hunter
1 Hex
» actions
| Assign group hotkey | 122 | |
| Basic commands | 9 | |
| Build / train | 67 | |
| Enter build submenu | 26 | |
| Enter hero's abilities submenu | 7 | |
| Give item / drop item | 5 | |
| Remove unit from queue | 1 | |
| Right click | 978 | |
| Select / deselect | 263 | |
| Select group hotkey | 831 | |
| Use ability | 151 | |
2460 total
» units
| Peon | 19 | |
| Wind Rider | 6 | |
| Troll Batrider | 7 | |
| Troll Witch Doctor | 1 | |
33 total
» upgrades
| Reinforced Defenses | 1 | |
| Ranged Weapons | 1 | |
| Envenomed Spears | 1 | |
| Witch Doctor Training | 2 | |
5 total
» buildings
| Altar of Storms | 1 | |
| Orc Burrow | 7 | |
| War Mill | 2 | |
| Voodoo Lounge | 1 | |
| Watch Tower | 30 | |
| Stronghold | 2 | |
| Fortress | 1 | |
| Beastiary | 2 | |
| Spirit Lodge | 2 | |
48 total
» build order
00:08 Altar of Storms
00:21 Orc Burrow
00:37 War Mill
01:29 Voodoo Lounge
01:51 Watch Tower
02:10 Watch Tower
03:28 Stronghold
03:28 Stronghold
03:33 Orc Burrow
03:49 Watch Tower
04:22 Orc Burrow
05:10 Orc Burrow
05:14 Watch Tower
05:15 Watch Tower
05:41 Watch Tower
06:11 Fortress
06:46 Watch Tower
06:50 Watch Tower
07:39 Beastiary
08:01 Beastiary
11:43 Watch Tower
11:43 Watch Tower
14:58 Watch Tower
14:59 Watch Tower
14:59 Watch Tower
15:00 Watch Tower
15:01 Watch Tower
15:01 Watch Tower
15:02 Watch Tower
15:02 Watch Tower
16:15 War Mill
18:43 Watch Tower
18:43 Watch Tower
18:44 Watch Tower
18:45 Watch Tower
18:46 Watch Tower
18:47 Watch Tower
19:55 Watch Tower
19:56 Watch Tower
19:59 Watch Tower
20:00 Watch Tower
23:03 Orc Burrow
23:04 Orc Burrow
24:30 Orc Burrow
33:39 Spirit Lodge
33:42 Spirit Lodge
» items
| Staff of Teleportation | 1 | |
| Lesser Clarity Potion | 2 | |
| Healing Salve | 2 | |
| Potion of Healing | 1 | |
| Boots of Speed | 1 | |
| Orb of Lightning | 1 | |
| Tiny Great Hall | 2 | |
10 total
team 2 (loser)
BloodRush (
pink | 56 APM | 2130 actions | 38:18)
5 Blademaster
2 Wind Walk
3 Critical Strike
3 Shadow Hunter
1 Healing Wave
2 Hex
» actions
| Assign group hotkey | 36 | |
| Basic commands | 192 | |
| Build / train | 56 | |
| ESC pressed | 5 | |
| Enter build submenu | 22 | |
| Enter hero's abilities submenu | 9 | |
| Give item / drop item | 7 | |
| Remove unit from queue | 1 | |
| Right click | 785 | |
| Select / deselect | 524 | |
| Select group hotkey | 392 | |
| Use ability | 101 | |
2130 total
» units
| Peon | 8 | |
| Grunt | 7 | |
| Troll Witch Doctor | 4 | |
| Raider | 6 | |
| Tauren | 5 | |
30 total
» upgrades
| Berserker Strength | 1 | |
| Ensnare | 1 | |
| Witch Doctor Training | 2 | |
| Armor | 1 | |
| Pulverize | 1 | |
| Reinforced Defenses | 1 | |
7 total
» buildings
| Altar of Storms | 1 | |
| Orc Burrow | 8 | |
| Voodoo Lounge | 1 | |
| Barracks | 1 | |
| Stronghold | 1 | |
| War Mill | 1 | |
| Spirit Lodge | 1 | |
| Beastiary | 1 | |
| Fortress | 1 | |
| Watch Tower | 3 | |
| Tauren Totem | 2 | |
| Great Hall | 1 | |
22 total
» build order
00:09 Altar of Storms
00:21 Orc Burrow
00:50 Voodoo Lounge
01:33 Barracks
01:46 Orc Burrow
02:02 Orc Burrow
03:09 Stronghold
04:25 War Mill
04:54 Orc Burrow
05:46 Spirit Lodge
06:02 Orc Burrow
06:22 Beastiary
07:21 Fortress
09:29 Orc Burrow
11:11 Watch Tower
11:13 Watch Tower
11:15 Watch Tower
11:32 Tauren Totem
11:35 Tauren Totem
13:31 Orc Burrow
16:55 Orc Burrow
22:02 Great Hall
» items
| Healing Salve | 1 | |
| Lesser Clarity Potion | 1 | |
| Potion of Healing | 1 | |
| Potion of Mana | 1 | |
| Scroll of Town Portal | 1 | |
| Orb of Lightning | 1 | |
6 total
Over-Admire. (
orange | 59 APM | 2157 actions | 36:51)
5 Death Knight
3 Death Coil
2 Unholy Aura
2 Lich
1 Frost Nova
1 Frost Armor
» actions
| Assign group hotkey | 35 | |
| Basic commands | 40 | |
| Build / train | 76 | |
| Enter build submenu | 13 | |
| Enter hero's abilities submenu | 7 | |
| Give item / drop item | 3 | |
| Remove unit from queue | 10 | |
| Right click | 1158 | |
| Select / deselect | 226 | |
| Select group hotkey | 449 | |
| Use ability | 139 | |
2157 total
» units
| Acolyte | 3 | |
| Ghoul | 5 | |
| Crypt Fiend | 6 | |
| Obsidian Statue | 4 | |
18 total
» upgrades
» buildings
| Graveyard | 1 | |
| Crypt | 1 | |
| Ziggurat | 6 | |
| Altar of Darkness | 1 | |
| Tomb of Relics | 1 | |
| Nerubian Tower | 4 | |
| Halls of the Dead | 4 | |
| Spirit Tower | 3 | |
| Slaughterhouse | 1 | |
| Black Citadel | 1 | |
23 total
» build order
00:11 Graveyard
00:19 Crypt
00:40 Ziggurat
00:59 Altar of Darkness
01:13 Tomb of Relics
02:06 Ziggurat
02:30 Nerubian Tower
04:29 Ziggurat
04:46 Halls of the Dead
04:47 Halls of the Dead
05:53 Ziggurat
06:31 Spirit Tower
06:33 Nerubian Tower
06:33 Nerubian Tower
06:52 Spirit Tower
08:56 Slaughterhouse
12:01 Black Citadel
13:21 Ziggurat
13:23 Ziggurat
» items
| Dust of Appearance | 1 | |
| Rod of Necromancy | 6 | |
| Potion of Mana | 3 | |
| Potion of Healing | 6 | |
| Scroll of Town Portal | 1 | |
| Potion of Lesser Invulnerability | 1 | |
| Orb of Corruption | 1 | |
| Scroll of Healing | 1 | |
20 total

»
MelanieRios (
teal | 73 APM | 2796 actions | 38:18)
8 Blademaster
3 Wind Walk
3 Critical Strike
1 Bladestorm
1 Mirror Image
» actions
| Assign group hotkey | 32 | |
| Basic commands | 20 | |
| Build / train | 74 | |
| ESC pressed | 4 | |
| Enter build submenu | 23 | |
| Enter hero's abilities submenu | 8 | |
| Right click | 1368 | |
| Select / deselect | 278 | |
| Select group hotkey | 880 | |
| Use ability | 109 | |
2796 total
» units
» upgrades
| Spiked Barricades | 1 | |
| Ranged Weapons | 3 | |
| Armor | 3 | |
| Liquid Fire | 1 | |
| Envenomed Spears | 1 | |
| Reinforced Defenses | 1 | |
10 total
» buildings
| Orc Burrow | 9 | |
| Altar of Storms | 1 | |
| Voodoo Lounge | 1 | |
| War Mill | 1 | |
| Stronghold | 3 | |
| Watch Tower | 4 | |
| Beastiary | 2 | |
| Fortress | 3 | |
| Great Hall | 3 | |
27 total
» build order
00:10 Orc Burrow
00:14 Altar of Storms
00:40 Voodoo Lounge
01:53 Orc Burrow
02:03 War Mill
03:23 Stronghold
03:23 Stronghold
03:24 Watch Tower
03:27 Watch Tower
04:08 Watch Tower
04:24 Watch Tower
04:44 Orc Burrow
06:21 Beastiary
06:23 Beastiary
08:09 Fortress
08:10 Fortress
08:49 Orc Burrow
10:05 Orc Burrow
11:32 Orc Burrow
16:15 Orc Burrow
16:47 Orc Burrow
22:53 Orc Burrow
22:57 Great Hall
24:43 Great Hall
29:48 Great Hall
» items
| Healing Salve | 3 | |
| Lesser Clarity Potion | 3 | |
| Rod of Necromancy | 1 | |
7 total
Witchhunt (
purple | 74 APM | 2824 actions | 38:18)
5 Blood Mage
3 Flame Strike
2 Siphon Mana
1 Pit Lord
1 Rain of Fire
1 Beastmaster
1 Summon Hawk
» actions
| Assign group hotkey | 56 | |
| Basic commands | 300 | |
| Build / train | 198 | |
| ESC pressed | 6 | |
| Enter build submenu | 57 | |
| Enter hero's abilities submenu | 7 | |
| Give item / drop item | 7 | |
| Right click | 728 | |
| Select / deselect | 435 | |
| Select group hotkey | 837 | |
| Use ability | 193 | |
2824 total
» units
| Peasant | 35 | |
| Footman | 14 | |
| Rifleman | 3 | |
| Sorceress | 1 | |
| Dragonhawk Rider | 5 | |
| Gryphon Rider | 9 | |
67 total
» upgrades
| Lumber Harvesting | 2 | |
| Swords | 3 | |
| Masonry | 3 | |
| Armor | 3 | |
| Long Rifles | 1 | |
| Sorceress Training | 1 | |
| Magic Sentry | 1 | |
| Animal War Training | 1 | |
| Cloud | 1 | |
| Storm Hammers | 1 | |
17 total
» buildings
| Altar of Kings | 1 | |
| Barracks | 1 | |
| Farm | 13 | |
| Arcane Vault | 1 | |
| Keep | 1 | |
| Blacksmith | 2 | |
| Lumber Mill | 1 | |
| Castle | 3 | |
| Arcane Sanctum | 1 | |
| Scout Tower | 29 | |
| Guard Tower | 57 | |
| Town Hall | 1 | |
| Gryphon Aviary | 4 | |
115 total
» build order
00:08 Altar of Kings
00:10 Barracks
00:12 Farm
00:44 Farm
01:26 Farm
02:05 Farm
02:57 Arcane Vault
03:50 Keep
04:19 Blacksmith
04:23 Blacksmith
05:05 Lumber Mill
06:12 Castle
06:12 Castle
06:12 Castle
06:36 Farm
07:57 Farm
08:27 Arcane Sanctum
09:59 Scout Tower
10:00 Scout Tower
10:00 Scout Tower
10:02 Scout Tower
10:04 Scout Tower
10:05 Scout Tower
10:06 Scout Tower
10:39 Guard Tower
11:00 Town Hall
11:47 Guard Tower
11:47 Guard Tower
11:48 Guard Tower
12:53 Guard Tower
12:53 Guard Tower
12:53 Guard Tower
13:31 Guard Tower
13:31 Guard Tower
13:31 Guard Tower
13:52 Guard Tower
13:52 Guard Tower
13:52 Guard Tower
14:07 Guard Tower
14:07 Guard Tower
14:07 Guard Tower
14:27 Guard Tower
14:33 Scout Tower
14:37 Scout Tower
14:51 Scout Tower
14:52 Scout Tower
15:04 Guard Tower
15:05 Guard Tower
15:12 Guard Tower
15:12 Guard Tower
15:23 Guard Tower
15:23 Guard Tower
15:50 Scout Tower
15:51 Scout Tower
15:54 Scout Tower
15:57 Scout Tower
15:59 Scout Tower
16:06 Scout Tower
16:27 Guard Tower
16:27 Guard Tower
16:27 Guard Tower
17:14 Scout Tower
17:14 Scout Tower
17:15 Scout Tower
17:15 Scout Tower
17:16 Scout Tower
17:17 Scout Tower
17:19 Scout Tower
17:26 Scout Tower
17:27 Scout Tower
17:27 Scout Tower
17:28 Scout Tower
17:30 Guard Tower
17:31 Guard Tower
17:34 Scout Tower
18:08 Guard Tower
18:09 Guard Tower
18:36 Guard Tower
18:36 Guard Tower
18:39 Guard Tower
18:40 Guard Tower
18:56 Guard Tower
18:56 Guard Tower
18:57 Guard Tower
19:37 Guard Tower
19:37 Guard Tower
19:37 Guard Tower
20:03 Gryphon Aviary
20:05 Gryphon Aviary
20:18 Gryphon Aviary
20:41 Gryphon Aviary
22:17 Farm
22:18 Farm
22:18 Farm
22:19 Farm
22:20 Farm
30:33 Farm
30:36 Farm
» items
| Scroll of Regeneration | 4 | |
| Lesser Clarity Potion | 4 | |
| Periapt of Vitality | 3 | |
| Staff of Teleportation | 3 | |
| Potion of Invisibility | 2 | |
| Scroll of Town Portal | 2 | |
| Healing Salve | 1 | |
| Boots of Speed | 2 | |
21 total
Chat log
(01:17 / All) ROD-SAMA-D: kodo #2
(01:28 / All) Witchhunt: Does he even still play?
(01:37 / All) MelanieRios: ive seen him
(01:39 / All) ROD-SAMA-D: aye
(01:48 / All) Witchhunt: Did he ever manage to sell his account?
(01:54 / All) Over-Admire.: no
(01:56 / All) Over-Admire.: kept it
(02:11 / All) MelanieRios: not surprised
(02:43 / All) BloodRush: red
(02:47 / All) BloodRush: so no units...
(02:48 / All) BloodRush: hmmm
(03:09 / All) Witchhunt: What's odd about that?
(03:14 / All) BloodRush: blue
(03:16 / All) BloodRush: hmm
(04:10 / All) BloodRush: so red is def going wyvner or some beastery thing
(04:14 / All) BloodRush: I like!
(04:19 / All) pinkpage: and u
(04:35 / All) BloodRush: maybe something like that...?
(04:39 / All) BloodRush: not sure
(04:41 / All) BloodRush: im drunk
(04:45 / All) pinkpage: sure
(07:32 / Allies) ROD-SAMA-D: wood?
(08:40 / Allies) ROD-SAMA-D: 100 wood
(09:06 / Allies) ShartCaptain: yellow
(09:07 / Allies) ROD-SAMA-D: somebody clear me an expo
(12:48 / Allies) ShartCaptain: item
(12:49 / Allies) ShartCaptain: for me
(12:50 / Allies) ShartCaptain: not u
(12:57 / Allies) ROD-SAMA-D: defend my expo and u can have it
(13:04 / Allies) ShartCaptain: done
(13:16 / Allies) ROD-SAMA-D: k
(14:09 / Allies) ShartCaptain: tp all
(14:41 / Allies) pinkpage: ty
(14:44 / Allies) pinkpage: u guys rock
(15:21 / Allies) ShartCaptain: red has downs
(15:36 / Allies) pinkpage: sry but im 4v1 here
(15:38 / All) Over-Admire.: Gg
(15:44 / All) Over-Admire.: dumb allie says iam a lumber hoard
(15:46 / All) Witchhunt: My allies are all worthless lumber hoarders
(15:48 / Allies) ShartCaptain: 3v1*
(15:48 / All) Over-Admire.: i have 275 wood
(15:49 / All) Over-Admire.: rofl
(15:59 / All) Over-Admire.: GET MORON PEONS ON WOOD THEN
(16:06 / Allies) ROD-SAMA-D: i didnt tp cuz nobody did
(16:15 / Allies) pinkpage: oh nice
(17:06 / All) ROD-SAMA-D: im a nigger
(17:12 / All) ShartCaptain: we know
(18:09 / All) Over-Admire.: they there
(19:54 / All) ttlsignal: gg
(19:58 / All) BloodRush: GG
(20:02 / Allies) ROD-SAMA-D: not over
(20:04 / Allies) ROD-SAMA-D: watch me win it
(20:07 / Allies) ROD-SAMA-D: i guarantee
(20:09 / Allies) ROD-SAMA-D: we will win
(20:09 / All) BloodRush: you guys are lucky im drunk
(20:11 / Allies) pinkpage: LOL
(20:11 / All) ShartCaptain: lol
(20:12 / All) ShartCaptain: so bad
(20:13 / All) MelanieRios: YUM
(20:14 / All) BloodRush: so so fucked up
(20:15 / All) BloodRush: haha
(20:16 / All) BloodRush: shit
(20:23 / All) BloodRush: sorry team
(20:24 / All) Witchhunt: My towers won us the game
(20:29 / All) MelanieRios: tell me how my dick tastes
(20:41 / All) ShartCaptain: reds retardedness won you the game
(20:48 / All) pinkpage: agree
(20:53 / All) ShartCaptain: guy cant even use one hero properly
(20:53 / All) BloodRush: i didnt know my SH was in the base
(20:53 / All) ROD-SAMA-D: lawl
(20:54 / All) BloodRush: HAHA
(21:05 / All) Over-Admire.: no expos i see
(21:33 / All) BloodRush: GG
(21:34 / All) BloodRush: HAHAHA
(21:38 / All) BloodRush: fuck dem hoes
(21:45 / All) MelanieRios: why you still here
(21:46 / All) pinkpage: no red said hes gonna win
(21:47 / All) MelanieRios: Red nice hall
(21:54 / All) BloodRush: WOW
(21:56 / All) BloodRush: look at red
(22:08 / All) BloodRush: REED!!!@
(22:13 / All) BloodRush: red not cool
(22:27 / All) pinkpage: i help u teal
(22:38 / All) BloodRush: red
(22:39 / All) pinkpage: :(
(22:42 / All) BloodRush: you lost right?
(22:43 / All) MelanieRios: thanks
(22:43 / All) BloodRush: haha
(22:47 / All) BloodRush: i love it
(22:55 / All) BloodRush: i go hard in the paint
(23:04 / All) pinkpage: hes not even upgrading hes units
(23:05 / All) BloodRush: haha
(23:09 / All) pinkpage: and has 2k gold
(23:15 / Allies) ROD-SAMA-D: watch me
(23:16 / Allies) ROD-SAMA-D: win
(23:50 / All) BloodRush: red
(23:53 / All) BloodRush: not my expo?!!!!
(23:54 / All) ROD-SAMA-D: yes
(23:55 / All) BloodRush: why!!!
(23:56 / All) BloodRush: haha
(23:57 / All) BloodRush: lol
(24:00 / All) ROD-SAMA-D: im gonna win
(24:00 / All) BloodRush: i love this
(24:01 / Allies) ROD-SAMA-D: thats why
(24:02 / All) pinkpage: pls human get cloud and win this shit
(24:03 / All) BloodRush: so drunk
(24:06 / All) BloodRush: i
(24:17 / All) BloodRush: red!!!
(24:19 / All) BloodRush: hgahahahaha
(24:31 / All) MelanieRios: Red thats mean basbe
(24:58 / All) Witchhunt: I got cloud
(25:10 / All) ROD-SAMA-D: f u nigga
(26:07 / All) pinkpage: close enough
(26:10 / Allies) ROD-SAMA-D: its over
(26:10 / Allies) ROD-SAMA-D: blue
(26:16 / Allies) pinkpage: of course
(26:18 / Allies) pinkpage: omfg
(26:20 / Allies) ROD-SAMA-D: look
(26:22 / All) BloodRush: thanks
(26:27 / Allies) pinkpage: purple
(26:28 / Allies) pinkpage: isnt dumb
(26:33 / All) BloodRush: im out
(26:34 / All) Witchhunt: I am the smart one
(26:34 / Allies) ROD-SAMA-D: hes my friend
(26:35 / Allies) pinkpage: just watchhim
(26:35 / Allies) ROD-SAMA-D: lol
(26:36 / All) Witchhunt: The hunter
(26:41 / All) BloodRush: its ok
(26:41 / All) ROD-SAMA-D: got raped niggas
(26:43 / All) pinkpage: oh yea
(26:43 / All) BloodRush: i love it
(26:43 / All) Witchhunt: The one claiming our team and slaying the witches
(26:46 / All) BloodRush: HAHA
(26:51 / All) BloodRush: purp thanks...
(26:54 / All) BloodRush: for killing us
(27:00 / All) pinkpage: rofl
(27:05 / All) ROD-SAMA-D: excuses
(27:11 / All) ROD-SAMA-D: purple
(27:13 / All) ROD-SAMA-D: shall i tell them
(27:17 / All) Witchhunt: Orange is reassuring the heathens that they have this
(27:19 / All) ROD-SAMA-D: purple i have a question
(27:22 / All) ROD-SAMA-D: who is rod-sama?
(27:29 / All) Witchhunt: As a valiant Christian knights I can assure everyone they will not claim victory
(27:42 / All) BloodRush: two Chainz
(27:42 / All) Witchhunt: Rod-Sama is among the greatest stabbers of WC3, of course
(27:53 / All) BloodRush: I be somking on that gas
(27:53 / All) pinkpage: nice story bro
(28:07 / All) Witchhunt: Like my cloud teal?
(28:08 / All) ROD-SAMA-D: didnt i tell u blue
(28:09 / All) BloodRush: son
(28:10 / All) ROD-SAMA-D: i had this wrappe dup
(28:13 / All) BloodRush: bitches be riding
(28:20 / All) pinkpage: idc peace
(28:21 / All) BloodRush: HOES BE DERE
(28:28 / All) BloodRush: AND THEY BE BITCHED
(28:30 / All) BloodRush: OUT
(28:34 / All) BloodRush: FUCK DEM HOES
(28:43 / All) BloodRush: LAUGH AT DEM LIKE YEAH
(28:47 / All) BloodRush: AND WE SEE DEM
(28:51 / All) BloodRush: ALL TIMES
(28:55 / All) BloodRush: WHAT IT BE
(29:00 / All) BloodRush: NOTUING
(29:06 / All) ROD-SAMA-D: who is pink talking to
(29:08 / All) BloodRush: I SEE YALL LIKE FUCKUSS
(29:15 / All) BloodRush: NA DI SEE DAT SHIT
(29:17 / All) BloodRush: WHAT?
(29:19 / All) BloodRush: MAYBE
(29:22 / All) BloodRush: BUT NOT TODAY
(29:23 / All) Witchhunt: None of my team has even left
(29:25 / All) BloodRush: WE SHALL SEE
(29:39 / All) Witchhunt: They consider themselves warriors, alas, they are cultists who will be exterminated
(29:47 / All) BloodRush: RED YOU SMELL
(29:51 / All) Witchhunt: I do not appreciate them on my fair soil
(30:07 / All) Witchhunt: I don't appreciate their rituals and witchcraft
(30:17 / All) BloodRush: SAME HERE PURP
(30:25 / All) BloodRush: I say fuck dem all
(30:33 / All) ROD-SAMA-D: i played pink earlier today cant rmember what happened
(30:43 / All) BloodRush: Live to what you beieve
(30:46 / All) BloodRush: never do that
(30:51 / All) Witchhunt: Just wait til I get 3 tp staffs teal
(30:55 / All) Witchhunt: Why, did you report me pink?
(31:00 / All) Witchhunt: They would commend me for my valiant deed
(31:01 / All) BloodRush: I love gay sex
(31:03 / All) ROD-SAMA-D: teal has been awfully quiet
(31:06 / All) BloodRush: only b/c im gay
(31:12 / All) BloodRush: you have a problem with that?
(31:27 / All) BloodRush: if you do, then fuck you
(31:41 / All) BloodRush: red sucks
(31:42 / All) BloodRush: HAHA
(31:50 / All) BloodRush: red, you mom dead?
(31:54 / All) ROD-SAMA-D: no u
(31:54 / All) BloodRush: i hope so
(32:07 / All) BloodRush: b.c if she is not, then I will make sure she is....
(32:08 / All) ROD-SAMA-D: i think pink is hysterial right now, rod sama
(32:16 / All) BloodRush: Im pink?
(32:21 / All) Witchhunt: I think he is twisted and will float
(32:22 / All) BloodRush: wait...
(32:23 / All) BloodRush: yep
(32:25 / All) Witchhunt: We will have to cut his head off
(32:28 / All) BloodRush: haha
(32:33 / All) Witchhunt: The innocent drown, he is still staying
(32:37 / All) BloodRush: i have cut the head of two ppl
(32:38 / All) Witchhunt: He has not left the pond
(32:47 / All) BloodRush: wach m y video
(32:53 / All) ROD-SAMA-D: ur entire nigger team is still here
(33:02 / All) BloodRush: nigger?!!!
(33:04 / All) BloodRush: hhhahahahaha
(33:07 / All) ROD-SAMA-D: oh orange is a wcreplays.com poster
(33:10 / All) BloodRush: yout he nigger bitch
(33:17 / All) ROD-SAMA-D: orange say hi to WCR
(33:20 / All) BloodRush: all you american bitches are niggers
(33:40 / All) Over-Admire.: BELIVE IN THE SHIELD!
(33:49 / All) Witchhunt: sec my fav song is playing lemme turn it up k?
(33:49 / All) BloodRush: and thank me for dying
(33:52 / All) Witchhunt: thanks
(33:57 / All) Over-Admire.: i needed the lose anyway my ELL too hihg
(34:04 / All) ROD-SAMA-D: lawl
(34:05 / All) Over-Admire.: famring d3 anyway bored.. yawn
(34:12 / All) Over-Admire.: whos blazing É
(34:18 / All) Over-Admire.: i got wicked kush nigga
(34:34 / All) ROD-SAMA-D: ur ell isn't that high if u match level 1's
(34:34 / All) Over-Admire.: straight up tho reds army would smash purples army1!!!! lets see a showdown!!
(34:42 / All) Over-Admire.: been abusing
(34:47 / All) Witchhunt: I got 100 food
(34:51 / All) Over-Admire.: take like 35 mins to find game
(34:56 / All) Witchhunt: he probably has bats though
(34:58 / All) ROD-SAMA-D: ive played you before orange, you aren't anything spectacular
(35:01 / All) Witchhunt: Yeah high ELL sucks I always make new accounts
(35:07 / All) Over-Admire.: never claimed to be
(35:09 / All) Witchhunt: It's not worth playing on 1 if you have to leave a lot
(35:12 / All) Over-Admire.: old school noobie here ??
(35:16 / All) Over-Admire.: woot woot
(35:20 / All) MelanieRios: purp you are a nigger
(35:23 / All) ROD-SAMA-D: aka kodo_forsake's brother
(35:33 / All) Over-Admire.: lawl
(35:42 / All) ROD-SAMA-D: they call me stiffler's lil bro
(35:55 / All) Witchhunt: I'm 100% white. I am not a bastard witch with a Jewish nose and green skin from spilling elixirs
(35:59 / All) Over-Admire.: ive played ur before
(36:11 / All) Over-Admire.: ya i know the good strats but ur apm is low an ur micro is horrid...
(36:19 / All) Over-Admire.: you lose so many units to creeps an noobs.
(36:20 / All) Over-Admire.: sad
(36:22 / All) MelanieRios: You aren't 100% white because you are full nigger
(36:29 / All) ROD-SAMA-D: orange, you need to show your allegiance to rod-sama, purple
(36:36 / All) Over-Admire.: ...
(36:38 / All) Witchhunt: I'm as Aryan as you can get, I have blue eyes and blonde hair
(36:41 / All) Over-Admire.: u some sand niggger
(36:42 / All) Over-Admire.: Wtf
(36:46 / All) Over-Admire.: wrong with u fags
(36:49 / All) Witchhunt: The eyes are a reflection of the soul; I am a pure white untameable wolf
(37:00 / All) ROD-SAMA-D: say hi wcr
(37:01 / All) ROD-SAMA-D: teal
(37:03 / All) ROD-SAMA-D: and pink
(37:04 / All) MelanieRios: you are a nigger
(37:15 / All) Witchhunt: Is that the only 'insult' you know?
(37:21 / All) MelanieRios: you are a nigger
(37:24 / All) Witchhunt: The normal hags I slay have better insults than that
(37:31 / All) Witchhunt: Even if you were more talkative than they often are
(37:37 / All) Witchhunt: At least they have good 1 liners before being put in the river
(37:52 / All) Witchhunt: Any last words?
(37:58 / All) MelanieRios: nigger
(38:01 / All) Witchhunt: Say hi to the perch!
(38:16 / All) ROD-SAMA-D: lol